 Seeded DCSS version 0.29-a0-472-ge5599a681e (webtiles) character file.

Game seed: 6774861435536819975 (custom seed)

3238 bwicke the Covert (level 9, -2/74 HPs)
             Began as an Octopode Transmuter on May 22, 2022.
             Was an Initiate of Gozag.
             Slain by a fire dragon (4 damage)
             ... on level 8 of the Dungeon.
             The game lasted 00:33:01 (8474 turns).

bwicke the Covert (Octopode Transmuter)             Turns: 8474, Time: 00:33:06

Health: -2/74      AC: 14    Str: 10    XL:     9   Next: 99%
Magic:  12/12      EV: 14    Int: 21    God:    Gozag
Gold:   560        SH:  0    Dex: 12    Spells: 7/12 levels left

rFire   x . .      SeeInvis .     - Unarmed
rCold   + + +      Faith    .   (shield currently unavailable)
rNeg    + . .      Spirit   .   (helmet currently unavailable)
rPois   +          Reflect  .   (no amulet)
rElec   .          Harm     .   k - ring of protection from fire
rCorr   .          Rampage  .   r - +4 ring of protection
Will    .....                   y - ring of ice
Stlth   ++........              M - ring of positive energy
HPRegen 0.22/turn               Q - +4 ring of evasion
MPRegen 0.13/turn               (no ring)
                                (no ring)
                                (no ring)

@: confused, ice-form, ambrosia-drunk
A: freezing attack, boosted hp, almost no armour, amphibious, 8 rings, large,
(camouflage 1), (gelatinous body 1), (nimble swimmer 1), (tentacles), clever 1,
mutation resistance 1, wild magic 1
a: End Transformation, Renounce Religion, Potion Petition, Call Merchant, Bribe
Branch


You were on level 8 of the Dungeon.
You worshipped Gozag.
Gozag was pleased with you.
You were a creature of crystalline ice.
You visited 2 branches of the dungeon, and saw 9 of its levels.
You also visited: Sewer.

You collected 682 gold pieces.
You paid 122 gold pieces to Gozag.

Inventory:

Hand Weapons
 b - a +0 dagger
 j - a +2 short sword of venom (melded)
 s - a +0 vorpal flail
 B - a +0 whip of freezing
 H - a +1 falchion of freezing
 J - a +2 whip of flaming
 K - a +0 flail of holy wrath
Missiles
 c - 20 poisoned darts
 d - 4 atropa-tipped darts
 h - 3 throwing nets
 l - 174 stones
 E - 6 boomerangs of dispersal
Jewellery
 k - a ring of protection from fire (left front paw)
 r - a +4 ring of protection (right front paw)
 y - a ring of ice (on tentacle)
 M - a ring of positive energy (on tentacle)
 Q - a +4 ring of evasion (on tentacle)
Wands
 a - a wand of digging (1)
 w - a wand of mindburst (6)
 O - a wand of polymorph (9)
 S - a wand of flame (5)
Scrolls
 i - a scroll of torment {unknown}
 o - a scroll of poison {unknown}
 p - 2 scrolls of fear
 t - 2 scrolls of teleportation
 v - a scroll of summoning {unknown}
 z - a scroll of immolation {unknown}
 G - a scroll of brand weapon {unknown}
 I - 2 scrolls of fog {unknown}
 L - 2 scrolls of enchant weapon {unknown}
 N - a scroll of silence {unknown}
 P - a scroll of magic mapping {unknown}
Potions
 e - 4 potions of heal wounds {unknown}
 f - a potion of cancellation {unknown}
 g - a potion of haste {unknown}
 m - a potion of ambrosia
 q - 2 potions of lignification
 u - a potion of flight
 A - 3 potions of might
 C - a potion of curing
 D - 2 potions of invisibility {unknown}
 F - 2 potions of mutation
 R - 2 potions of brilliance {unknown}
Miscellaneous
 n - a piece from Xom's chessboard (15/15)


   Skills:
 + Level 5.8 Fighting
 - Level 1.8 Short Blades
 - Level 2.0 Dodging
 - Level 10.0 Stealth
 - Level 3.0 Unarmed Combat
 - Level 2.0 Spellcasting
 - Level 8.1 Transmutations
 - Level 6.0 Ice Magic


You had 7 spell levels left.
You knew the following spells:

 Your Spells              Type           Power      Damage    Failure   Level
a - Beastly Appendage     Tmut           94%        N/A       1%          1
b - Ice Form              Ice/Tmut       58%        N/A       13%         4

Your spell library contained the following spells:

 Spells                   Type           Power      Damage    Failure   Level
 Wereblood                Tmut           47%        N/A       1%          2
 Spider Form              Tmut/Pois      24%        N/A       13%         3
 Scorch                   Fire           4%         2d5       30%         2
 Sublimation of Blood     Necr           2%         N/A       30%         2
 Petrify                  Tmut/Erth      24%        N/A       36%         4
 Dazzling Flash           Conj/Hex       4%         N/A       50%         3
 Irradiate                Conj/Tmut      12%        3d17      69%         5
 Metabolic Englaciation   Hex/Ice        14%        N/A       82%         5
 Flame Wave               Conj/Fire      2%         2d4       87%         4
 Agony                    Necr           2%         N/A       99%         5
 Silence                  Hex/Air        1%         N/A       99%         5
 Statue Form              Tmut/Erth      16%        N/A       99%         6
 Summon Cactus Giant      Summ           1%         N/A       100%        6


Dungeon Overview and Level Annotations

Branches:
Dungeon (8/15)             Temple (1/1) D:6           Sewer (visited)
   Lair: D:8-11

Altars:
Ashenzari
Cheibriados
Dithmenos
Elyvilon
Fedhas
Gozag
Hepliaklqana
Kikubaaqudgha
Makhleb
Nemelex Xobeh
Okawaru
Qazlal
Ru
Sif Muna
Trog
Uskayaw
Vehumet
Wu Jian
Xom
Yredelemnul
Zin
The Shining One

Shops:
D:3 (   D:7 *((


Innate Abilities, Weirdness & Mutations

You are a creature of crystalline ice.
You have a powerful freezing melee attack.
Your maximum health is increased.
Your armour is entirely melded.
You are incapable of wielding weapons or throwing items.
You cannot wear most types of armour.
You are amphibious.
You can wear up to eight rings at the same time.
((Your skin changes colour to match your surroundings (Stealth+).))
((Your rubbery body absorbs attacks. (AC +1, EV +1)))
((You are camouflaged when in or above water. (Stealth+)))
((You have tentacles for arms and can constrict up to eight enemies at once.))
Your mind is acute. (Int +2)
You are somewhat resistant to further mutation.
Your spells are a little harder to cast, but a little more powerful.


Message History

You kill the gnoll!
You punch the gnoll! You freeze the gnoll.
You kill the gnoll!
The boulder beetle curls into a ball and begins rolling!
Okay, then.
Okay, then.
You can't do that in your present form.
Aiming: Polymorph
Press: ? - help, Shift-Dir - straight line, f - boulder beetle
Aim: a boulder beetle (lightly wounded, rolling, will become a fire dragon, an eye of devastation, or a bunyip, chance to affect: 31%)
The boulder beetle evaporates and reforms as a fire dragon!
Okay, then.
Blink to where?
Press: ? - help, Dir - move target, p - fire dragon
Found a scale mail.
As you read the scroll of blinking, it crumbles to dust.
Okay, then.
The fire dragon roars deafeningly!
You hit the fire dragon. You freeze the fire dragon.
The fire dragon is lightly wounded.
The fire dragon breathes flames at you. The blast of flame hits you!!!
The fire burns you terribly!
Ouch! That really hurt!
* * * LOW HITPOINT WARNING * * *
It was a potion of ambrosia.
You are confused.
You feel invigorated. The fire dragon bites you.
* * * LOW HITPOINT WARNING * * *
The fire dragon completely misses you. The fire dragon tramples you!
* * * LOW HITPOINT WARNING * * *
You are shoved backwards!
It was a potion of mutation.
You feel extremely strange.
You feel less in control of your magic.
You feel genetically stable.
You feel clever. The fire dragon bites you!
* * * LOW HITPOINT WARNING * * *
The fire dragon claws you but does no damage.
The fire dragon tramples you.
You die...
Your body crumbles into a pile of gold.

#.######### #.# #.. #........#
#.# #.. ###........# #.# #.#
#..........##########.# #.#
#.####................#######.#.
#......########.....D.ยง$......#.
######## #.#############... #D#
#.## #Y# #.# #.# #.# #.# #.# #.#
#.# #.# #.# #.# #.#
#.#############.#
#...............#
###############.#


You could see a fire dragon.

Vanquished Creatures
  Pikel (D:4)
  Sigmund (D:2)
  Eustachio (D:6)
  Edmund (D:6)
  A water moccasin (D:7)
  3 black bears (D:6)
  An ice beast (D:6)
  2 ogres
  A kobold brigand (D:7)
  3 bullfrogs
  A gnoll sergeant (D:8)
  3 scorpions
  2 howler monkeys
  2 hounds
  4 jellies
  5 orc priests
  Natasha (thrice) (D:2)
  9 iguanas
  6 orc wizards
  9 gnolls
  9 adders
  A shadow imp (D:7)
  3 white imps
  4 ufetubi
  3 worms
  4 dart slugs
  25 orcs
  3 endoplasms (D:1)
  17 giant cockroaches
  9 goblins
  2 hobgoblins
  9 quokkas
  10 ball pythons
  7 bats
  11 frilled lizards
  14 kobolds
  4 rats
194 creatures vanquished.

Notes
Turn   | Place    | Note
-------+----------+-------------------------------------------
     0 | D:1      | bwicke the Octopode Transmuter began the quest for the Orb.
     0 | D:1      | Reached XP level 1. HP: 13/13 MP: 3/3
    49 | D:1      | Reached skill level 1 in Stealth
   157 | D:1      | Reached skill level 2 in Stealth
   169 | D:1      | Reached XP level 2. HP: 13/18 MP: 5/5
   335 | D:1      | Reached skill level 3 in Stealth
   594 | D:1      | Found a faded altar of an unknown god.
  1073 | D:1      | Reached XP level 3. HP: 23/23 MP: 6/6
  1392 | D:2      | Reached skill level 4 in Stealth
  1650 | D:2      | Noticed Natasha
  1663 | D:2      | Killed Natasha
  1675 | D:2      | Noticed Natasha
  1685 | D:2      | Killed Natasha
  1686 | D:2      | Reached skill level 5 in Stealth
  1686 | D:2      | Reached XP level 4. HP: 12/28 MP: 5/7
  1997 | D:2      | Noticed Sigmund
  2019 | D:2      | Killed Sigmund
  2020 | D:2      | Reached skill level 8 in Stealth
  2020 | D:2      | Reached XP level 5. HP: 9/33 MP: 8/8
  2020 | D:2      | Reached XP level 6. HP: 10/38 MP: 9/9
  2350 | D:2      | Noticed Natasha
  2377 | D:2      | Killed Natasha
  2965 | D:3      | Found an iron altar of Okawaru.
  3380 | D:3      | Reached skill level 9 in Stealth
  3600 | D:3      | Found Synli's Weapon Boutique.
  3801 | D:4      | Found a shimmering altar of Xom.
  3994 | D:4      | Reached skill level 10 in Stealth
  3994 | D:4      | Reached skill level 1 in Short Blades
  3994 | D:4      | Reached XP level 7. HP: 20/43 MP: 8/10
  4028 | D:4      | Found a glowing drain.
  4055 | Sewer    | Entered a sewer
  4711 | D:4      | Noticed Pikel
  4726 | D:4      | Killed Pikel
  4727 | D:4      | Reached XP level 8. HP: 33/48 MP: 11/11
  5274 | D:5      | Entered Level 5 of the Dungeon
  5838 | D:5      | Reached skill level 1 in Ice Magic
  6116 | D:6      | Found a staircase to the Ecumenical Temple.
  6129 | D:6      | Reached XP level 9. HP: 53/53 MP: 10/12
  6134 | D:6      | Noticed Eustachio
  6141 | Temple   | Entered the Ecumenical Temple
  6229 | Temple   | Became a worshipper of Gozag Ym Sagoz the Greedy
  6249 | D:6      | Learned a level 4 spell: Ice Form
  6267 | D:6      | Killed Eustachio
  6579 | D:6      | Noticed Edmund
  6583 | D:6      | Reached skill level 5 in Ice Magic
  6602 | D:6      | Killed Edmund
  7048 | D:6      | Found a glowing silver altar of Zin.
  7654 | D:7      | Found Judey's Weapon Shop.
  7729 | D:7      | Found Wusunaj's Weapon Boutique.
  7747 | D:7      | Found Lysal's General Store.
  8024 | D:7      | Reached skill level 5 in Fighting
  8067 | D:7      | Found a sacrificial altar of Ru.
  8429 | D:8      | Noticed a boulder beetle
  8441 | D:8      | Noticed a fire dragon
  8441 | D:8      | a boulder beetle changed into a fire dragon
  8474 | D:8      | Gained mutation: Your spells are a little harder to cast,
                  | but a little more powerful. [potion of mutation]
  8474 | D:8      | Gained mutation: You are somewhat resistant to further
                  | mutation. [potion of mutation]
  8474 | D:8      | Gained mutation: Your mind is acute. (Int +2) [potion of
                  | mutation]
  8474 | D:8      | HP: 2/74 [fire dragon (9)]
  8474 | D:8      | Slain by a fire dragon

Illustrated notes

Levels and vault maps discovered:
D:1:      nzn_arrival_water_spiral, layout_basic, basic_ecumenical_altar
D:2:      layout_loops_corners, uniq_natasha, uniq_sigmund
D:3:      layout_basic, okawaru_altar_gauntlet_db, serial_shops, shop_statue
D:4:      layout_loops_ring, xom_butterflies, gup_sewer_entry_pipe,
          nicolae_elevator_lobby_asterisk, uniq_pikel
D:5:      layout_rooms, corexii_leaking_fountain
D:6:      layout_loops_ring, zin_treasury, minmay_temple_entry_gardened_gates,
          grunt_decor_junction, grunt_decor_mini_mirrors, nicolae_benzene_ring,
          wad_rectangle_vault, uniq_edmund, uniq_eustachio
D:7:      layout_rooms, general_overflow_altar, serial_shops,
          nicolae_lakefront_shop, nicolae_shop_advertising_works
          [nicolae_subvault_shop_adworks], nicolae_shop_bloodbath_and_beyond
D:8:      layout_basic, nicolae_ossuary_entry_plus
Temple:   regret_index_temple_mists

Skill      XL: |  1  2  3  4  5  6  7  8  9 |
---------------+----------------------------+-----
Stealth        | 2 3 5 8 10 | 10.0
Short Blades   | 1 |  1.8
Transmutations | 6 8 |  8.1
Ice Magic      | 2 6 |  6.0
Fighting       | 5 |  5.8
Dodging        | |  2.0
Unarmed Combat | |  3.0
Spellcasting   | |  2.0

Action                   |  1- 3 |  4- 6 |  7- 9 || total
-------------------------+-------+-------+-------++-------
Melee: Dagger            |    37 |       |       ||    37
       Kick              |    12 |    13 |    44 ||    69
       Unarmed           |     3 |       |    83 ||    86
       Constrict         |    10 |    21 |    44 ||    75
       Tentacles         |     5 |    19 |    30 ||    54
       Punch             |     2 |     2 |     8 ||    12
       Short sword       |     7 |    78 |   194 ||   279
Throw: Dart              |       |     4 |     2 ||     6
       Throwing net      |       |     2 |       ||     2
 Cast: Beastly Appendage |    13 |     7 |    29 ||    49
       Ice Form          |       |       |     8 ||     8
Evoke: Wand              |       |       |     2 ||     2
  Use: Potion            |       |     4 |     2 ||     6
       Scroll            |       |     3 |     3 ||     6
 Stab: Sleeping          |     8 |    10 |    28 ||    46
       Distracted        |       |     1 |     2 ||     3
Armor: Skin              |     3 |     7 |    72 ||    82
Dodge: Dodged            |    26 |    37 |   152 ||   215

Table legend: (Time is in decaauts)
 A = Elapsed time spent in this place.
 B = Non-inter-level travel time spent in this place.
 C = Inter-level travel time spent in this place.
 D = Time resting spent in this place.
 E = Time spent auto-exploring this place.
 F = Levels seen in this place.
 G = Mean time per level.
                   A        B        C        D        E       F      G
               +--------+--------+--------+--------+--------+-----+--------+
         Total |   8489 |   8287 |    202 |    361 |   5727 |  10 |  848.9 |
       Dungeon |   7808 |   7606 |    202 |    263 |   5483 |   8 |  976.0 |
        Temple |     96 |     96 |      0 |      0 |      0 |   1 |   96.0 |
         Sewer |    584 |    584 |      0 |     98 |    244 |   1 |  584.0 |
               +--------+--------+--------+--------+--------+-----+--------+

Top non-repeatable levels by time:
     D:2: 1524 daAuts
     D:6: 1449 daAuts
     D:1: 1360 daAuts
     D:3: 934 daAuts
     D:4: 890 daAuts
     D:5: 830 daAuts
     D:7: 729 daAuts
   Sewer: 584 daAuts
  Temple: 96 daAuts
     D:8: 88 daAuts
